 Dungeon Crawl Stone Soup version 0.25.1-2-g60ff931df9 (webtiles) character file.

Game seed: 13888644868038464328

15463 Johnny the Impaler (level 11, -1/118 HPs)
             Began as a Demigod Gladiator on Aug 13, 2020.
             Slain by a cyclops (19 damage)
             ... on level 12 of the Dungeon.
             The game lasted 00:17:06 (15256 turns).

Johnny the Impaler (Demigod Gladiator)             Turns: 15256, Time: 00:17:07

Health: -1/118     AC: 25    Str: 29    XL:     11   Next: 69%
Magic:  14/14      EV:  2    Int: 12    God:
Gold:   689        SH:  0    Dex: 17    Spells: 10/10 levels left

rFire    . . .     SeeInvis .   G - +0 halberd (freeze)
rCold    . . .     Gourm    .   (shield currently unavailable)
rNeg     + + +     Faith    .   (armour currently unavailable)
rPois    +         Spirit   .   (helmet currently unavailable)
rElec    .         Reflect  .   (cloak currently unavailable)
rCorr    .         Harm     .   (gloves currently unavailable)
MR       +....     NoTele   +   (boots currently unavailable)
Stlth    +++.......             (no amulet)
HPRegen  0.29/turn              h - ring of stealth
MPRegen  0.14/turn              r - +6 ring of strength

@: tree-form
A: high mp 1
a: no special abilities


You were on level 12 of the Dungeon.
You were not hungry.
You were a tree.
You visited 1 branch of the dungeon, and saw 12 of its levels.

You collected 953 gold pieces.
You spent 264 gold pieces at shops.

Inventory:

Hand Weapons
 F - a +4 halberd
 G - a +0 halberd of freezing (weapon)
Armour
 c - a +0 helmet (melded)
 f - a +0 pair of gloves (melded)
 k - a +0 pair of boots (melded)
 A - a +0 leather armour of poison resistance
 J - a +1 cloak of preservation (melded)
 N - a +0 troll leather armour (melded)
Jewellery
 h - a ring of stealth (left branch)
 r - a +6 ring of strength (right branch)
Wands
 b - a wand of flame (38)
 s - a wand of disintegration (7)
 H - a wand of random effects (29)
Scrolls
 e - 2 scrolls of enchant weapon {unknown}
 g - a scroll of vulnerability {unknown}
 i - 2 scrolls of remove curse {unknown}
 j - 2 scrolls of magic mapping {unknown}
 n - 7 scrolls of immolation
 p - 2 scrolls of teleportation
 t - a scroll of random uselessness {unknown}
 w - 3 scrolls of enchant armour {unknown}
 y - a scroll of amnesia {unknown}
 B - 4 scrolls of fog
 C - a scroll of blinking {unknown}
 I - 4 scrolls of torment {unknown}
 K - 3 scrolls of identify
 O - a scroll of fear {unknown}
Potions
 a - 2 potions of flight
 m - 2 potions of might
 o - 2 potions of cancellation
 q - 3 potions of degeneration
 u - a potion of stabbing {unknown}
 v - 2 potions of haste {unknown}
 x - 2 potions of ambrosia {unknown}
 D - 2 potions of curing {unknown}
 L - 2 potions of brilliance {unknown}
 P - a potion of mutation {unknown}
Miscellaneous
 E - a lightning rod (1/4)
Comestibles
 d - 20 rations
 M - 10 chunks of flesh


   Skills:
 - Level 1.7 Fighting
 + Level 17.0 Polearms
 - Level 1.7 Throwing
 - Level 2.6 Dodging


You had 10 spell levels left.
You didn't know any spells.
Your spell library contained the following spells:

 Spells                   Type           Power        Failure   Level  Hunger
 Beastly Appendage        Tmut           #.....       32%         1    ##.....
 Magic Dart               Conj           #...         32%         1    ##.....
 Shock                    Conj/Air       #...         32%         1    ##.....
 Searing Ray              Conj           #.....       45%         2    ###....
 Sticks to Snakes         Tmut           #.......     45%         2    ###....
 Swiftness                Chrm/Air       #.......     45%         2    ###....
 Dazzling Flash           Conj/Hex       #.....       69%         3    ####...
 Spider Form              Tmut/Pois      #.........   69%         3    ####...
 Static Discharge         Conj/Air       #.......     69%         3    ####...
 Airstrike                Air            #.........   97%         4    #####..
 Fulminant Prism          Conj/Hex       #.........   97%         4    #####..
 Ice Form                 Ice/Tmut       #.......     97%         4    #####..
 Iskenderun's Mystic Bla  Conj/Tloc      #.......     97%         4    #####..
 Blade Hands              Tmut           #.........   100%        5    ######.
 Lightning Bolt           Conj/Air       #.........   100%        5    ######.


Dungeon Overview and Level Annotations

Branches:
Dungeon (12/15)            Temple (0/1) D:4            Lair (0/6) D:9
    Orc (0/2) D:9

Shops:
D:8 (   D:9 [

Annotations:
D:7 1 runed translucent door, sirvaulterscoff's ghost, novice DrVM


Innate Abilities, Weirdness & Mutations

You have an increased reservoir of magic. (+10% MP)


Message History

* * * LOW HITPOINT WARNING * * *
Reactivating autopickup.
You hit the shadow but do no damage.
The shadow is almost destroyed.
You hit the shadow.
The shadow is almost destroyed.
The shadow slips into darkness.
The shadow flickers and vanishes!
Deactivating autopickup; reactivate with Ctrl-A.
The cyclops hits you!
* * * LOW HITPOINT WARNING * * *
You hit something.
Reactivating autopickup.
Your Polearms skill increases to level 17!
You feel a bit more experienced.
Unknown command.
You puncture the cyclops! You freeze the cyclops.
The cyclops is severely wounded.
The cyclops hits you!!
You die...

...............##....##.....#.#..
##.........#....##...##....#..##.
##...#.##..##........#....######.
##..........#...##....#### ####.
#.......#......#$...## ##....
#......##...........# #...>.
##......#........(..# ##....
#.###<........(...## ##... ###
####..##.♣#...# #..# .#.C.##...#
##.# #........# ### .........##
##......### #..##.## ### ##


You could see a cyclops.

Vanquished Creatures
  The ghost of Martska the Spear-Bearer, a novice NaFi of Cheibriados (D:8)
  A death yak (D:8)
  An unseen horror (D:11)
  An ugly thing (D:11)
  Maurice (D:10)
  3 trolls
  Grinder (D:6)
  3 hippogriffs
  A shadow (D:12)
  A wraith (D:10)
  Eustachio (D:6)
  A wyvern (D:8)
  10 yaks (D:12)
  A basilisk (D:12)
  2 steam dragons
  5 hungry ghosts
  4 vampire mosquitoes (D:12)
  2 water moccasins
  2 porcupines (D:9)
  An ice beast (D:9)
  8 orc warriors
  2 sky beasts
  An eye of draining (D:10)
  2 phantoms
  2 black bears
  14 ogres
  5 centaurs
  A crocodile (D:11)
  2 big kobolds
  Blork the orc (D:6)
  6 bullfrogs
  A gnoll sergeant (D:9)
  A water moccasin zombie (D:5)
  2 wyvern skeletons (D:8)
  10 scorpions
  13 wights
  8 killer bees
  2 bullfrog zombies (D:8)
  A centaur zombie (D:7)
  8 crimson imps
  5 jellies
  A gnoll shaman (D:4)
  13 orc wizards
  6 orc priests
  Crazy Yiuf (D:2)
  3 hounds
  3 bullfrog skeletons
  4 iguanas
  3 centaur skeletons
  5 worker ants
  A hell rat (D:9)
  2 hound skeletons
  A worker ant zombie (D:8)
  Robin (D:2)
  8 gnolls
  2 howler monkey skeletons
  10 adders
  A river rat (D:9)
  4 shadow imps
  2 oozes
  2 adder zombies
  2 worms
  3 adder skeletons
  4 dart slugs
  6 leopard geckos
  74 orcs
  A ball python (D:3)
  6 bats
  5 giant cockroaches
  8 goblins
  9 hobgoblins
  5 jackals
  11 quokkas
  6 frilled lizards
  13 kobolds
  2 quokka skeletons
  7 rats
373 creatures vanquished.

Notes
Turn   | Place    | Note
-------+----------+-------------------------------------------
     0 | D:1      | Johnny the Demigod Gladiator began the quest for the Orb.
     0 | D:1      | Reached XP level 1. HP: 17/17 MP: 3/3
    77 | D:1      | Reached skill level 3 in Polearms
   297 | D:1      | Reached XP level 2. HP: 24/24 MP: 4/4
   760 | D:1      | Reached XP level 3. HP: 29/29 MP: 5/5
  1035 | D:2      | Reached skill level 4 in Polearms
  1170 | D:2      | Identified the +3 helmet of Hepliaklqana's Wrath {-Tele
                  | Harm rPois Int+3}
  1170 | D:2      | Noticed Robin
  1179 | D:2      | Killed Robin
  1707 | D:2      | Found a runed translucent door.
  1708 | D:2      | Noticed Crazy Yiuf
  1888 | D:2      | Reached XP level 4. HP: 36/36 MP: 6/6
  2167 | D:2      | Reached skill level 5 in Polearms
  3044 | D:3      | Found a shattered altar of Ashenzari.
  3044 | D:3      | Found a burning altar of Makhleb.
  3044 | D:3      | Found a transporter.
  3046 | D:3      | Found a glowing golden altar of the Shining One.
  3086 | D:3      | Reached XP level 5. HP: 21/41 MP: 7/7
  3343 | D:3      | Found a transporter.
  3455 | D:3      | Found a hide-covered altar of Uskayaw.
  3805 | D:4      | Noticed an ogre
  3811 | D:4      | Reached skill level 6 in Polearms
  3816 | D:4      | Killed an ogre
  3816 | D:4      | Reached XP level 6. HP: 29/48 MP: 8/8
  4067 | D:4      | You fall into a shaft and drop 3 floors!
  4073 | D:7      | Reached skill level 7 in Polearms
  4145 | D:7      | Reached XP level 7. HP: 17/53 MP: 9/9
  4160 | D:7      | Reached skill level 8 in Polearms
  4680 | D:6      | Noticed Eustachio
  4705 | D:6      | Killed Eustachio
  4705 | D:6      | Reached skill level 9 in Polearms
  4856 | D:5      | Entered Level 5 of the Dungeon
  4878 | D:4      | Found a staircase to the Ecumenical Temple.
  4914 | D:4      | Reached XP level 8. HP: 56/60 MP: 10/10
  5448 | D:5      | Reached skill level 10 in Polearms
  5752 | D:5      | Found a blossoming altar of Fedhas.
  6571 | D:6      | Noticed Blork the orc
  6589 | D:6      | Killed Blork the orc
  6650 | D:6      | Noticed Grinder
  6654 | D:6      | Paralysed by Grinder for 4 turns
  6666 | D:6      | Paralysed by Grinder for 3 turns
  6678 | D:6      | Killed Grinder
  6678 | D:6      | Reached skill level 11 in Polearms
  7013 | D:6      | Reached XP level 9. HP: 35/67 MP: 11/11
  7318 | D:7      | Found a runed translucent door.
  7318 | D:7      | Noticed sirvaulterscoff's ghost (novice DrVM)
  7698 | D:7      | Reached skill level 12 in Polearms
  8264 | D:7      | Found a white marble altar of Elyvilon.
  8708 | D:8      | Found Rutucur's Antique Weapon Emporium.
  8840 | D:8      | Reached skill level 13 in Polearms
  9324 | D:8      | Reached XP level 10. HP: 55/73 MP: 13/13
  9782 | D:8      | Found a runed translucent door.
  9783 | D:8      | Noticed Martska's ghost (novice NaFi)
 10095 | D:8      | Killed Martska's ghost
 10095 | D:8      | Reached skill level 14 in Polearms
 10397 | D:2      | Killed Crazy Yiuf
 10767 | D:9      | Noticed a death yak
 10793 | D:9      | Noticed a death yak
 10915 | D:8      | Killed a death yak
 11391 | D:9      | Found a staircase to the Lair.
 11648 | D:9      | Found Miheosh's Armour Boutique.
 11648 | D:9      | Found a staircase to the Orcish Mines.
 11660 | D:9      | Reached skill level 15 in Polearms
 11702 | D:9      | Bought a +1 cloak of preservation for 264 gold pieces
 11947 | D:9      | Found a basalt altar of Yredelemnul.
 12051 | D:9      | Found a snail-covered altar of Cheibriados.
 12108 | D:9      | Found a roughly hewn altar of Beogh.
 12218 | D:10     | Entered Level 10 of the Dungeon
 12252 | D:10     | Noticed Maurice
 12268 | D:10     | Killed Maurice
 12433 | D:10     | Reached XP level 11. HP: 79/79 MP: 14/14
 13674 | D:11     | Reached skill level 16 in Polearms
 13813 | D:11     | Killed an unseen horror
 14415 | D:12     | Found an opulent altar of Gozag.
 15255 | D:12     | Reached skill level 17 in Polearms
 15256 | D:12     | Slain by a cyclops

Illustrated notes

Levels and vault maps discovered:
D:1:      elethiomel_arrival_shortcut, layout_loops_ring, serial_bayou_lagoon_b
D:2:      minmay_alternating_diamond, layout_loops_ring,
          kennysheep_generic_room_3, uniq_robin, uniq_crazy_yiuf_cottage
D:3:      layout_rooms, gammafunk_temple_overflow_arena,
          nicolae_overflow_hidden_temple
D:4:      layout_basic, minmay_temple_entry_drinking_statues, first_ration
D:5:      layout_cave_pods, nicolae_overflow_crystal_walls
D:6:      layout_loops_cross, roderic_lattice_a, uniq_grinder, uniq_eustachio,
          uniq_blork_the_orc
D:7:      layout_basic, basic_altar, hellmonk_ghost_happy_afterlife,
          grunt_ogre_cave, corexii_checkpoint_a
D:8:      layout_basic, ebering_ghost_inner_flame, serial_shops, shop_statue,
          kennysheep_kite_vault
D:9:      layout_roguey, overflow_temple_1_default, cheibriados_altar_1,
          dpeg_lair_monsters, orc_david_3, special_room [special_room_orc]
D:10:     layout_loops_ring, nicolae_sextant, moated_statue, st_stairs_8,
          uniq_maurice
D:11:     layout_grid_maze
D:12:     layout_cave_pools, grunt_gozag_statues

Skill      XL: |  1  2  3  4  5  6  7  8  9 10 11 |
---------------+----------------------------------+-----
Polearms       | 3 4 5 6 7 9 11 13 15 17 | 17.0
Fighting       | |  1.7
Throwing       | |  1.7
Dodging        | |  2.6

Action                   |  1- 3 |  4- 6 |  7- 9 | 10-12 || total
-------------------------+-------+-------+-------+-------++-------
Melee: Trident           |    73 |       |       |       ||    73
       Halberd           |    65 |   163 |   440 |   622 ||  1290
Throw: Throwing net      |       |     4 |     6 |     3 ||    13
Evoke: Wand              |       |     7 |     9 |    16 ||    32
       Lightning rod     |       |       |       |     5 ||     5
  Use: Potion            |       |     1 |     1 |     6 ||     8
       Scroll            |       |       |     5 |     3 ||     8
 Stab: Sleeping          |     5 |     6 |       |     5 ||    16
       Held in net/web   |       |     1 |     2 |     1 ||     4
       Paralysed         |       |       |       |     3 ||     3
  Eat: Chunk             |     3 |     8 |    15 |    22 ||    48
       Ration            |       |       |     1 |     2 ||     3
Armor: Leather armour    |    32 |    29 |       |       ||    61
       Ring mail         |       |    18 |       |       ||    18
       Plate armour      |       |       |   184 |    93 ||   277
       Troll leather arm |       |       |       |    73 ||    73
       Skin              |       |       |       |    33 ||    33
Dodge: Dodged            |    99 |    86 |   133 |   201 ||   519
